 Dungeon Crawl Stone Soup version 0.21.1-1-g345015fe64 (webtiles) character file.

259 ponypharmacist the Chopper (level 6, -19/37 HPs)
             Began as a Gargoyle Fighter on Mar 20, 2018.
             Demolished by a shadow (21 damage)
             ... created by the darkness of Dithmenos
             ... on level 4 of the Dungeon.
             The game lasted 00:09:53 (2208 turns).

ponypharmacist the Chopper (Gargoyle Fighter)       Turns: 2208, Time: 00:09:54

Health: -19/37     AC: 13    Str: 26    XL:     6   Next: 17%
Magic:  6/6        EV:  7    Int: 14    God:
Gold:   141        SH:  9    Dex:  9    Spells: 5/5 levels left

rFire    . . .     SeeInvis .   a - +0 war axe
rCold    . . .     Gourm    .   c - +0 shield
rNeg     + . .     Faith    .   r - +0 scale mail
rPois    ∞         Spirit   .   (no helmet)
rElec    +         Reflect  .   v - +1 cloak
rCorr    .         Harm     .   (no gloves)
MR       .....                  (no boots)
Stlth    ..........             (no amulet)
HPRegen  0.12/turn              s - +5 ring of strength
MPRegen  0.10/turn              (no ring)

@: brilliant
A: negative energy resistance 1, electricity resistance, unbreathing,
petrification resistance, rot immunity, AC +4
a: no special abilities


You were on level 4 of the Dungeon.
You were hungry.

You visited 1 branch of the dungeon, and saw 4 of its levels.

You collected 141 gold pieces.

Inventory:

Hand Weapons
 a - a +0 war axe (weapon)
 b - a +0 hunting sling
Missiles
 m - 19 sling bullets
Armour
 c - a +0 shield (worn)
 r - a +0 scale mail (worn)
 v - a +1 cloak (worn)
Jewellery
 s - a +5 ring of strength (left hand)
Scrolls
 g - 2 scrolls of identify
 p - 2 scrolls of remove curse
Potions
 d - a potion of might
 h - a potion of heal wounds
 i - a potion of cancellation
 j - 3 potions of curing
 n - a potion of brilliance
 o - a potion of lignification {unknown}
 u - a potion of resistance {unknown}
 w - 2 potions of agility {unknown}
 x - a potion of haste {unknown}
Comestibles
 f - 7 rations


   Skills:
 - Level 3.2 Fighting
 + Level 5.7 Axes
 - Level 3.2 Armour
 - Level 3.2 Shields


You had 5 spell levels left.
You didn't know any spells.

Dungeon Overview and Level Annotations

Branches:
Dungeon (4/15)
 Temple: D:4-7

Altars:
Dithmenos
Gozag
Uskayaw
Vehumet
Yredelemnul


Innate Abilities, Weirdness & Mutations

You are resistant to torment.
Your stone body is resilient. (AC +4)
You are immune to poison.
You resist negative energy. (rN+)
You are resistant to electric shocks. (rElec)
You can survive without breathing.
You are immune to petrification.
You are immune to rotting.


Message History

The shadow hits you.
* * * LOW HITPOINT WARNING * * *
The shadow hits you. x2
* * * LOW HITPOINT WARNING * * *
You slash the shadow!
The shadow is almost destroyed.
You slash the shadow!
You destroy the shadow!
That felt strangely unrewarding.
The shadow barely misses you.
You closely miss the shadow.
The shadow is almost destroyed.
You are feeling hungry.
The shadow hits you.
Unknown command.
You slash the shadow!
You destroy the shadow!
That felt strangely unrewarding.
The shadow strikes at you from the darkness!
Ouch! That really hurt!
You die...

***,,* *,* *,**, ,,*,,* *,* *,***
*,*,,* #.* *,*,, *,*,,* #.#*
*,*,* *,*,,**
*****##..##*****,*,*
*,*,,,********,,,,,.....,,,,,,,,,
*,*,*,,,,,,,,,,****#)..#*******,*
*,*,,,*********### #...#######*,*
*,*,*** ##@###..........,,,
*,*,****#######)#.###.>#####..,,,
*,,,,,,,.........W...........#*<*
***,,,,,...%..÷..##.#<########*,*
******######.###<##........**,*
##,#.**########.,,>, *#.** ******
#**


You could see a shadow.

Vanquished Creatures
  2 shadows (D:4)
  An ogre (D:4)
  2 orc priests (D:3)
  Crazy Yiuf (D:3)
  A hound skeleton (D:3)
  An adder (D:3)
  A worm (D:2)
  2 dart slugs
  7 orcs (D:3)
  3 giant cockroaches
  4 goblins
  3 hobgoblins
  7 jackals
  8 bats
  2 frilled lizards (D:2)
  7 kobolds
  10 rats
62 creatures vanquished.

Notes
Turn   | Place    | Note
-------+----------+-------------------------------------------
     0 | D:1      | ponypharmacist the Gargoyle Fighter began the quest for the Orb.
     0 | D:1      | Reached XP level 1. HP: 14/14 MP: 1/1
    19 | D:1      | Reached skill level 2 in Axes
   227 | D:1      | Reached XP level 2. HP: 19/19 MP: 2/2
   716 | D:2      | Reached skill level 3 in Axes
   779 | D:2      | Reached XP level 3. HP: 23/23 MP: 3/3
   885 | D:2      | Found a faded altar of an unknown god.
   918 | D:2      | Became a worshipper of Dithmenos the Shadowed
   918 | D:2      | Reached * piety under Dithmenos
   921 | D:2      | Fell from the grace of Dithmenos
   932 | D:2      | Found a basalt altar of Yredelemnul.
  1348 | D:3      | Reached skill level 4 in Axes
  1348 | D:3      | Reached XP level 4. HP: 14/28 MP: 4/4
  1497 | D:3      | Found a radiant altar of Vehumet.
  1549 | D:3      | Reached XP level 5. HP: 32/32 MP: 5/5
  1865 | D:3      | Found an opulent altar of Gozag.
  1867 | D:3      | Found a hide-covered altar of Uskayaw.
  1898 | D:3      | Found a runed door.
  1902 | D:3      | Noticed Crazy Yiuf
  1906 | D:3      | Killed Crazy Yiuf
  1906 | D:3      | Reached skill level 5 in Axes
  1939 | D:4      | Noticed an ogre
  1964 | D:4      | Killed an ogre
  1964 | D:4      | Reached XP level 6. HP: 4/37 MP: 6/6
  2193 | D:4      | Noticed a shadow
  2193 | D:4      | Noticed a shadow
  2193 | D:4      | Noticed a shadow
  2193 | D:4      | Noticed a shadow
  2206 | D:4      | Killed a shadow
  2208 | D:4      | Killed a shadow
  2208 | D:4      | Demolished by a shadow

Skill      XL: |  1  2  3  4  5 |
---------------+----------------+-----
Axes           | 2 3 4 5 |  5.7
Fighting       | |  3.2
Armour         | |  3.2
Shields        | |  3.2

Action                   |  1- 3 |  4- 6 || total
-------------------------+-------+-------++-------
Melee: War axe           |   110 |    74 ||   184
Invok: Renounce Religion |     1 |       ||     1
  Use: Scroll            |       |     7 ||     7
       Potion            |       |     3 ||     3
  Eat: Chunk             |     1 |     3 ||     4
Armor: Scale mail        |    80 |    54 ||   134
Dodge: Dodged            |    46 |    31 ||    77
Block: Shield            |    67 |    49 ||   116
